 Dungeon Crawl Stone Soup version 0.19-a0-475-gfca3800 (webtiles) character file.

4067 Kidiri the Thaumaturge (level 10, -4/55 HPs)
             Began as a Deep Elf Fire Elementalist on June 4, 2016.
             Was an Initiate of Vehumet.
             Slain by an insubstantial wisp (11 damage)
             ... on level 9 of the Dungeon.
             The game lasted 00:50:10 (10516 turns).

Kidiri the Thaumaturge (DEFE)                      Turns: 10516, Time: 00:50:11

Health: -4/55      AC: 11    Str:  9    XL:     10   Next: 5%
Magic:  25/25      EV: 14    Int: 26    God:    Vehumet [......]
Gold:   126        SH:  0    Dex: 15    Spells: 6 memorised, 9 levels left

rFire  . . .     SeeInvis .     C - +4 short sword "Niuham" {drain, rElec Str+4 Int+2}
rCold  . . .     Gourm    .     o - +2 robe
rNeg   . . .     Faith    .     (no shield)
rPois  .         Spirit   .     (no helmet)
rElec  +         Dismiss  .     k - +0 cloak
rCorr  .         Reflect  .     p - +1 pair of gloves
SustAt .         Harm     .     (no boots)
MR     ++...                    B - amulet of magic regeneration
Stlth  ++........               t - +4 ring of protection
                                d - ring of protection from magic

@: drained, very resistant to hostile enchantments, unstealthy
A: no striking features
a: Renounce Religion


You were on level 9 of the Dungeon.
You worshipped Vehumet.
Vehumet was noncommittal.
You were not hungry.

You visited 2 branches of the dungeon, and saw 10 of its levels.

You collected 470 gold pieces.
You spent 344 gold pieces at shops.

Inventory:

Hand Weapons
 a - a +2 whip of venom
 g - a +3 dagger
 C - the +4 short sword "Niuham" (weapon) {drain, rElec Str+4 Int+2}
   (You took it off a crimson imp on level 9 of the Dungeon)

   A truly terrible weapon, it drains the life of those it strikes.
   It affects your strength (+4).
   It affects your intelligence (+2).
   It insulates you from electricity.
Armour
 k - a +0 cloak (worn)
 o - a +2 robe (worn)
 p - a +1 pair of gloves (worn)
 y - a +3 leather armour of magic resistance
Jewellery
 d - a ring of protection from magic (left hand)
 n - an uncursed ring of protection from cold
 t - a +4 ring of protection (right hand)
 B - an amulet of magic regeneration (around neck)
 D - an uncursed ring of see invisible
Wands
 i - a wand of confusion (35/48)
Scrolls
 e - 2 scrolls of teleportation
 h - a scroll of remove curse
 s - 2 scrolls of fear
 E - 2 scrolls of amnesia
Potions
 j - 2 potions of lignification {unknown}
 l - 2 potions of curing
 m - 3 potions of resistance
 q - a potion of agility
 r - 2 potions of haste
 u - a potion of magic
 v - 3 potions of might {unknown}
 x - a potion of brilliance {unknown}
 z - a potion of cure mutation {unknown}
Books
 b - a book of Flames

   Spells                             Type                      Level
   a - Flame Tongue                   Conjuration/Fire             1
   b - Throw Flame                    Conjuration/Fire             2
   c - Conjure Flame                  Conjuration/Fire             3
   d - Inner Flame                    Hexes/Fire                   3
   e - Sticky Flame                   Conjuration/Fire             4
   f - Fireball                       Conjuration/Fire             5
Comestibles
 c - 8 bread rations
 f - a chunk of flesh
 w - 10 fruits
 A - 9 royal jellies


   Skills:
 + Level 2.9(2.0) Fighting
 + Level 3.5(2.6) Short Blades
 + Level 2.9(2.0) Armour
 + Level 5.0(4.1) Dodging
 - Level 2.4(1.5) Stealth
 * Level 9.4(8.4) Spellcasting
 * Level 7.1(6.1) Conjurations
 * Level 8.4(7.4) Fire Magic
 + Level 3.7(2.8) Evocations


You had 9 spell levels left.
You knew the following spells:

 Your Spells              Type           Power        Failure   Level  Hunger
a - Flame Tongue          Conj/Fire      #####        1%          1    None
b - Throw Flame           Conj/Fire      #####.       1%          2    None
c - Conjure Flame         Conj/Fire      #####...     1%          3    None
d - Inner Flame           Hex/Fire       ####....     4%          3    None
e - Sticky Flame          Conj/Fire      #####...     4%          4    ##.....
f - Fireball              Conj/Fire      #####.....   12%         5    ####...


Dungeon Overview and Level Annotations

Branches:
Dungeon (9/15)             Temple (1/1) D:7            Lair (0/8) D:9
    Orc: D:9-12

Altars:
Ashenzari
Cheibriados
Dithmenos
Elyvilon
Fedhas
Gozag
Hepliaklqana
Kikubaaqudgha
Makhleb
Nemelex Xobeh
Okawaru
Pakellas
Qazlal
Ru
Sif Muna
Trog
Uskayaw
Vehumet
Xom
Yredelemnul
Zin
The Shining One

Shops:
D:4 [   D:9 *


Message History

The insubstantial wisp hits you but does no damage.
You miss the insubstantial wisp.
The insubstantial wisp is severely damaged.
The insubstantial wisp hits you.
You closely miss the insubstantial wisp.
The insubstantial wisp is severely damaged.
The insubstantial wisp hits you!
* * * LOW HITPOINT WARNING * * *
You miss the insubstantial wisp.
The insubstantial wisp is severely damaged.
The insubstantial wisp thrums sharply.
You are struck by lightning.
You resist.
* * * LOW HITPOINT WARNING * * *
The lightning arcs!
You hit the insubstantial wisp but do no damage.
The insubstantial wisp is severely damaged.
You miss the insubstantial wisp.
The insubstantial wisp is severely damaged.
The insubstantial wisp hits you!
You die...

......####.#.###.#.#...#.#.### #.
......'..).#)#......._.......###.
......######.#.#.#.#...#.#.#....v
..........<#.#.# #.##.##.#.#####.
..?....#####.#.# #.......#.# ##
.............#.#.####.####.#
...............#...........#
####.∩......##.######.######
#...)......##.v@.....#
#.##.......###########
#.############


#.##PPPPPPPPP## #.#PPPPPPP..PP# #....PPP..>.PP# #....PPP.l.PPP# #.......PPPPPP#
#.#......PPP.P# You could see an insubstantial wisp.

Vanquished Creatures
  Joseph (D:7)
  A komodo dragon (D:9)
  Prince Ribbit (D:8)
  Grinder (D:3)
  2 soldier ants (D:8)
  Duvessa (D:7)
  3 orc warriors
  2 ice beasts
  4 sky beasts
  2 wasps (D:8)
  A black bear (D:6)
  2 phantoms
  2 ogres
  2 centaurs
  3 giant frogs
  Dowan (D:7)
  A scorpion (D:8)
  2 electric eels (D:6)
  4 crimson imps
  2 giant frog zombies (D:6)
  A quasit (D:8)
  2 hounds
  A jelly (D:9)
  2 orc priests
  An iguana (D:7)
  6 worker ants
  A hound zombie (D:6)
  2 worker ant zombies (D:7)
  A howler monkey skeleton (D:3)
  8 adders
  A shadow imp (D:6)
  An ooze (D:3)
  3 adder skeletons
  2 worms
  A dart slug (D:2)
  6 giant geckos
  19 orcs
  10 bats
  8 giant cockroaches
  7 goblins
  4 hobgoblins
  2 jackals (D:2)
  5 kobolds
  7 quokkas
  2 ball pythons
  A giant gecko zombie (D:5)
  4 giant newts
  2 jackal skeletons
  A quokka zombie (D:6)
  6 rats (D:1)
155 creatures vanquished.

Vanquished Creatures (others)
  2 orc warriors (D:6)
  A howler monkey (D:6)
  A crimson imp (D:6)
  An orc wizard (D:6)
  2 orcs (D:6)
  A jackal (D:6)
  A giant newt (D:6)
  A quokka skeleton (D:6)
  A quokka zombie (D:5)
  A plant (D:9)
12 creatures vanquished.

Grand Total: 167 creatures vanquished

Notes
Turn   | Place    | Note
--------------------------------------------------------------
     0 | D:1      | Kidiri the Deep Elf Fire Elementalist began the quest for the Orb.
     0 | D:1      | Reached XP level 1. HP: 10/10 MP: 6/6
   451 | D:1      | Reached XP level 2. HP: 15/15 MP: 6/8
   455 | D:1      | Learned a level 2 spell: Throw Flame
  1520 | D:2      | Reached XP level 3. HP: 18/19 MP: 7/10
  1526 | D:2      | Learned a level 3 spell: Conjure Flame
  1530 | D:2      | Learned a level 3 spell: Inner Flame
  2294 | D:3      | Noticed Grinder
  2380 | D:2      | Reached skill level 4 in Spellcasting
  2659 | D:3      | Found a deep blue altar of Sif Muna.
  2672 | D:3      | Reached XP level 4. HP: 13/24 MP: 6/12
  2854 | D:3      | Found a basalt altar of Yredelemnul.
  2858 | D:3      | Noticed a profane servitor
  2892 | D:3      | Found a glowing silver altar of Zin.
  3510 | D:3      | Found a glowing golden altar of the Shining One.
  3512 | D:3      | Noticed an angel
  3689 | D:3      | Killed Grinder
  3689 | D:3      | Reached skill level 5 in Spellcasting
  3689 | D:3      | Reached skill level 5 in Fire Magic
  3689 | D:3      | Reached XP level 5. HP: 16/28 MP: 6/15
  3689 | D:3      | Reached XP level 6. HP: 18/32 MP: 6/16
  3695 | D:3      | Learned a level 4 spell: Sticky Flame
  3946 | D:4      | Noticed an orc warrior
  3958 | D:4      | Killed an orc warrior
  4236 | D:3      | Reached skill level 6 in Spellcasting
  4295 | D:4      | Noticed an ice beast
  4302 | D:4      | Killed an ice beast
  4302 | D:4      | Reached skill level 1 in Short Blades
  4302 | D:4      | Reached XP level 7. HP: 27/37 MP: 4/18
  4309 | D:4      | Learned a level 5 spell: Fireball
  4537 | D:4      | Found Foexzyup's Antique Armour Shoppe.
  4543 | D:4      | Bought a pair of gloves for 112 gold pieces
  4564 | D:4      | Reached skill level 1 in Evocations
  4882 | D:4      | Reached skill level 1 in Armour
  5687 | D:5      | Entered Level 5 of the Dungeon
  5687 | D:5      | Found a white marble altar of Elyvilon.
  5930 | D:5      | Reached skill level 1 in Fighting
  6142 | D:5      | Found a deep blue altar of Sif Muna.
  6311 | D:5      | Found a bloodstained altar of Trog.
  6751 | D:6      | Reached skill level 5 in Conjurations
  6802 | D:6      | Reached XP level 8. HP: 34/43 MP: 10/20
  7099 | D:6      | Found a shimmering altar of Xom.
  7406 | D:6      | Reached skill level 7 in Spellcasting
  8209 | D:7      | Noticed Joseph
  8242 | D:7      | Found a staircase to the Ecumenical Temple.
  8244 | D:7      | Noticed Dowan
  8246 | D:7      | Noticed Duvessa
  8246 | Temple   | Entered the Ecumenical Temple
  8348 | D:7      | Killed Duvessa
  8358 | D:7      | Killed Dowan
  8782 | D:7      | Reached skill level 8 in Spellcasting
  8909 | D:7      | Killed Joseph
  8909 | D:7      | Reached XP level 9. HP: 15/48 MP: 11/23
  9453 | D:8      | Found an ancient bone altar of Kikubaaqudgha.
  9812 | D:8      | Noticed Prince Ribbit
  9818 | D:8      | Killed Prince Ribbit
  9818 | D:8      | Reached skill level 9 in Spellcasting
  9967 | D:9      | Found Venac's Assorted Antiques.
  9978 | D:9      | Got a jewelled short sword {drain}
  9981 | D:9      | Identified the +4 short sword "Niuham" {drain, rElec Str+4 Int+2} (You took it off a crimson imp on level 9 of the Dungeon)
 10077 | D:9      | Bought a scroll of teleportation for 87 gold pieces
 10077 | D:9      | Bought a blackened bronze ring for 145 gold pieces
 10130 | D:9      | Found a staircase to the Lair.
 10133 | D:9      | Noticed a komodo dragon
 10161 | D:9      | Killed a komodo dragon
 10284 | D:9      | Found a hazy altar of Hepliaklqana.
 10285 | D:9      | Found a shadowy altar of Dithmenos.
 10286 | D:9      | Found an opulent altar of Gozag.
 10287 | D:9      | Found a radiant altar of Vehumet.
 10288 | D:9      | Found a burning altar of Makhleb.
 10288 | D:9      | Found an iron altar of Okawaru.
 10288 | D:9      | Found a hide-covered altar of Uskayaw.
 10289 | D:9      | Found a stormy altar of Qazlal.
 10300 | D:9      | Became a worshipper of Vehumet
 10330 | D:9      | Found a sacrificial altar of Ru.
 10395 | D:9      | Reached skill level 5 in Dodging
 10395 | D:9      | Reached XP level 10. HP: 55/55 MP: 8/25
 10516 | D:9      | Slain by an insubstantial wisp

Vault maps used:
D:1:      dpeg_arrival_ratfight, minmay_liquid_box
D:2:      minivault_14
D:3:      grunt_temple_overflow_holy_war, old_standard_altar,
          overflow_temple_1_default, minmay_misc_feat_square, minivault_19,
          corner_web_ring, uniq_grinder
D:4:      serial_shops, shop, first_bread
D:5:      lightli_temple_of_fire, elyvilon_altar_4, basic_altar,
          minmay_misc_feat_columns
D:6:      xom_confusion_cloud, kennysheep_opposing_triangles
D:7:      minmay_temple_entry_grid, uniq_joseph, uniq_duvessa
D:8:      lemuel_round_altar, hangedman_pestilent_swarm, uniq_prince_ribbit1
D:9:      kennysheep_steamy, nicolae_ru_sacrificial_ziggurat,
          grunt_temple_overflow_open, david_lair_shrubbed, serial_shops, shop,
          hangedman_misty_isle
Temple:   nicolae_temple_hex_pool_5

Skill      XL: |  1  2  3  4  5  6  7  8  9 |
---------------+----------------------------+-----
Fire Magic     | 4 5 6 7 8 |  8.4
Conjurations   | 2 3 4 5 6 7 |  7.1
Spellcasting   | 4 5 6 8 9 |  9.4
Short Blades   | 1 2 3 |  3.5
Evocations     | 1 2 3 |  3.7
Armour         | 1 2 |  2.9
Fighting       | 1 2 |  2.9
Dodging        | 3 4 5 |  5.0
Stealth        | |  2.4

Action                   |  1- 3 |  4- 6 |  7- 9 | 10-12 || total
-------------------------+-------+-------+-------+-------++-------
Melee: Dagger            |     2 |       |     5 |       ||     7
       Whip              |       |     2 |    99 |       ||   101
       Short sword       |       |       |     2 |    39 ||    41
 Cast: Flame Tongue      |    52 |    50 |   144 |     7 ||   253
       Throw Flame       |    16 |    14 |    57 |       ||    87
       Sticky Flame      |       |     1 |    25 |     2 ||    28
       Conjure Flame     |       |     1 |     3 |       ||     4
       Inner Flame       |       |     1 |     1 |       ||     2
       Fireball          |       |       |     3 |     1 ||     4
  Use: Scroll            |     9 |     2 |    10 |       ||    21
       Potion            |       |     1 |     1 |     1 ||     3
 Stab: Sleeping          |       |       |     4 |       ||     4
  Eat: Chunk             |     6 |     4 |     6 |     1 ||    17
       Fruit             |       |     1 |       |       ||     1
       Beef jerky        |       |       |     3 |       ||     3
       Meat ration       |       |       |     2 |       ||     2
Armor: Robe              |    11 |     4 |    68 |    15 ||    98
Dodge: Dodged            |    14 |    10 |   141 |    27 ||   192
